 Dungeon Crawl Stone Soup version 0.12.1-39-g8e7df79 (console) character file.

664401 margry the Merry Spriggan (level 27, -11/156 HPs)
             Began as a Spriggan Hunter on May 19, 2013.
             Was the Champion of Zin.
             Hit by a stone thrown by a purple draconian (19 damage)
             ... led by Tiamat
             ... on Level 3 of the Realm of Zot on May 25, 2013.
             The game lasted 12:41:18 (117686 turns).

margry the Merry Spriggan (Spriggan Hunter)       Turns: 117686, Time: 12:41:18

HP -11/156       AC  8     Str 13      XL: 27
MP  45/45        EV 38     Int 17      God: Zin [******]
Gold 6681        SH  0     Dex 21      Spells: 11 memorised, 16 levels left

Res.Fire  : + . .   See Invis. : +   b - +7,+9 bow (velocity)
Res.Cold  : . . .   Warding    : .   A - +1 robe {rF+}
Life Prot.: . . .   Conserve   : +   (shield restricted)
Res.Poison: +       Res.Corr.  : .   B - +2 wizard hat
Res.Elec. : .       Clarity    : .   d - +2 cloak {rPois}
Sust.Abil.: . .     Spirit.Shd : .   (gloves unavailable)
Res.Mut.  : +       Stasis     : .   (boots unavailable)
Res.Rott. : .       Ctrl.Telep.: .   o - amulet of conservation
Saprovore : . . .   Flight     : .   F - +5,+3 ring of slaying
                                     T - +3,+4 ring of slaying

@: very quick, extraordinarily resistant to hostile enchantments, extremely
stealthy
A: unfitting armour, see invisible, herbivore 3, speed 3, slow metabolism 2, Int
+1
a: Recite, Vitalisation, Imprison, Sanctuary, Cure All Mutations, Renounce
Religion
}: 3/15 runes: decaying, serpentine, silver


You were on level 3 of the Realm of Zot.
You worshipped Zin.
Zin was exalted by your worship.
You were not hungry.

You visited 10 branches of the dungeon, and saw 66 of its levels.

You collected 9116 gold pieces.
You spent 2014 gold pieces at shops.
You donated 441 gold pieces.

Inventory:

Hand weapons
 b - a +7,+9 bow of velocity (weapon)
 s - a +3 elven blowgun
 X - a +1,+2 orcish dagger of electrocution
Missiles
 c - 5 arrows
 g - 12 curare-tipped needles
 p - 4 arrows of flame
 q - 21 poisoned arrows (quivered)
 r - 9 arrows of dispersal
 C - 16 arrows of frost
Armour
 d - a +2 cloak of poison resistance (worn)
 z - the -1 buckler of Restlessness {rElec MR}
   (You acquired it on level 19 of the Dungeon)

   It insulates you from electricity.
   It affects your resistance to hostile enchantments.
 A - a +1 robe of fire resistance (worn)
 B - a +2 wizard hat (worn)
Magical devices
 i - a wand of cold (0)
 k - a wand of digging (4)
 t - a wand of teleportation (9)
 x - a wand of cold (0)
 E - a wand of disintegration (8)
 N - a wand of digging (20)
 O - a wand of fire (1)
 R - a wand of hasting (6)
Comestibles
 P - 2 bread rations
Scrolls
 e - 8 scrolls of remove curse
 m - 3 scrolls of blinking
 v - a scroll of fear
 w - a scroll of identify
 y - 3 scrolls of magic mapping
 K - 2 scrolls of fog
 Y - 2 scrolls of teleportation
Jewellery
 f - an uncursed amulet of resist corrosion
 n - the ring of Wuegru Mnuz {Ice rPois Dam+4 SInv}
   (You found it on level 3 of the Elven Halls)

   [ring of ice]

   It affects your damage-dealing abilities (+4).
   It protects you from poison.
   It enhances your eyesight.
 o - an amulet of conservation (around neck)
 u - an uncursed ring of protection from fire
 D - the amulet "Dyat Tuoth" {Ward Str+2 Dex+1 Int+4}
   (You bought it in a shop on level 3 of the Orcish Mines)

   [amulet of warding]

   It affects your strength (+2).
   It affects your intelligence (+4).
   It affects your dexterity (+1).
 F - a +5,+3 ring of slaying (right hand)
 G - the ring of the Magpie {MR Int+5}
   (You took it off a vault guard on level 5 of the Vaults)

   [ring of intelligence]

   It affects your intelligence (+5).
   It affects your resistance to hostile enchantments.
 T - a +3,+4 ring of slaying (left hand)
 V - an uncursed ring of wizardry
 W - an uncursed amulet of resist mutation
 Z - an uncursed ring of protection from fire
Potions
 a - 2 potions of speed
 h - 3 potions of heal wounds
 l - 2 potions of invisibility
 H - a potion of brilliance
 I - a potion of might
 L - a potion of restore abilities
 M - 2 potions of agility
 S - a potion of magic
 U - 6 potions of curing
Miscellaneous
 J - an air elemental fan


   Skills:
 - Level 19.0 Fighting
 - Level 6.0 Short Blades
   Level 5.1 Long Blades
 O Level 27 Bows
 - Level 2.6 Throwing
 - Level 3.1 Armour
 - Level 21.1 Dodging
 - Level 10.2 Stealth
   Level 4.6 Shields
 - Level 13.8 Traps
 + Level 14.4 Spellcasting
 - Level 5.1 Conjurations
 - Level 9.3 Hexes
 - Level 15.0 Charms
 - Level 4.1 Summonings
 - Level 6.5 Translocations
 - Level 15.0 Air Magic
 + Level 12.3 Poison Magic
 - Level 21.0 Invocations
 - Level 11.3 Evocations


You had 16 spell levels left.
You knew the following spells:

 Your Spells              Type           Power        Failure   Level  Hunger
b - Shroud of Golubria    Chrm/Tloc      ######....   1%          2    None
c - Freezing Aura         Chrm/Ice       ######....   1%          2    None
d - Haste                 Chrm           #######..    1%          6    ######.
e - Deflect Missiles      Chrm/Air       #######...   1%          6    ######.
f - Flight                Chrm/Air       #######...   1%          3    None
g - Silence               Hex/Air        #######...   1%          5    ###....
h - Blink                 Tloc           N/A          1%          2    None
i - Apportation           Tloc           #####.....   1%          1    None
j - Abjuration            Summ           #####.....   3%          3    None
k - Poisonous Cloud       Conj/Pois/Air  ######....   12%         6    ######.
m - Repel Missiles        Chrm/Air       #######...   0%          2    None


Dungeon Overview and Level Annotations

Branches:
Dungeon (27/27)            Temple (1/1) D:5             Orc (4/4) D:7
    Elf (3/3) Orc:4          Lair (8/8) D:13          Swamp (5/5) Lair:6
  Snake (5/5) Lair:3        Slime (0/6) Lair:8       Vaults (5/5) D:16
  Blade (0/1) Vaults:4      Crypt (5/5) Vaults:3       Tomb (0/3) Crypt:2
    Zot (3/5) D:27

Altars:
Ashenzari
Cheibriados
Elyvilon
Fedhas
Kikubaaqudgha
Makhleb
Nemelex Xobeh
Okawaru
Sif Muna
Trog
Vehumet
Xom
Yredelemnul
Zin
the Shining One
Beogh

Shops:
D:7: % D:18: % D:21: / D:25: ( Orc:1: / Orc:3: * Orc:4: =((*[ Vaults:1: ( Vaults:3: * Vaults:4: [ Vaults:5: ?!!!?%!%

Portals:
Hell: D:21 D:22 D:23 D:24 D:25 D:26 D:27
Abyss: D:24 D:25
Pandemonium: D:24 D:26
Trove: D:12 (give wand of heal wounds (9))

Annotations
D:8 1 exclusion
D:25 exclusion: statue
Orc:1 Edmund
Lair:8 exclusion: door
Swamp:5 Mennas
Crypt:2 exclusion: curse skull
Crypt:3 exclusion: curse skull
Crypt:4 exclusion: curse skull
Crypt:5 exclusion: curse skull
Zot:3 Tiamat


Innate Abilities, Weirdness & Mutations

You are tiny and cannot use many weapons and most armour.
You have supernaturally acute eyesight.
You are a herbivore.
You cover ground extremely quickly.
You need consume almost no food.
Your mind is acute (Int +1).


Message History

* * * LOW HITPOINT WARNING * * *
The purple draconian is engulfed in poison gas.
You climb upwards.
There is a stone staircase leading down here.
You start resting.
Magic restored.
You climb downwards.
Level annotation: Tiamat The moth of wrath misses you.
The moth of wrath completely misses you.
Tiamat barely misses you. Tiamat tail-slaps you!
* * * LOW HITPOINT WARNING * * *
Tiamat breathes frost at you. The chilling blast hits you!
* * * LOW HITPOINT WARNING * * *
The purple draconian throws an uncursed hand axe.
The uncursed hand axe hits you!
* * * LOW HITPOINT WARNING * * *
The purple draconian throws a stone.
The stone hits you!
You die...

#.# ##((.###.# #d#
######(##.ยง.# #.#
#.........#** #(#
######(##.#
##(############d##D#
#..(.((..(...(.d...#
##y#######.####d##.#
#.# ##.###(##.#
*#.#*** ##.#yi##.#
*...,,,** ##.d###.#
*#..,,,8** ##(# #.#
*#..,,,,,** #(# #.#
*..8,>,,,,***#.#*#.#
,.,,,,,,,,,,...,,.*
**,*,,,,8*,***###****
**,** ,**,*
,,,,,,,,**,*


You could see Tiamat, a green draconian knight, 2 draconians and a moth of
wrath.

Vanquished Creatures
  An orb of fire (Zot:3)
  2 ancient liches
  A greater mummy (Crypt:5)
  Saint Roka (Crypt:1)
  Boris (D:22)
  A curse toe (Zot:1)
  the Lernaean hydra (Swamp:5)
  Norris (D:17)
  Mara (Vaults:3)
  Margery (Snake:5)
  5 golden dragons
  2 Killer Klowns (Zot:1)
  A profane servitor (Crypt:5)
  Xtahua (D:21)
  Frederick (Vaults:2)
  5 bone dragons
  3 electric golems (Zot:1)
  A lich (Crypt:5)
  Nikola (D:19)
  13 tentacled monstrosities
  Lamia (Snake:4)
  2 deep elf blademasters (Elf:3)
  6 shadow dragons
  A titan (D:27)
  3 sphinxes
  11 storm dragons
  Rupert (Elf:1)
  Agnes (D:15)
  The ghost of magistern the Sensei, a mighty DgTm (D:17)
  3 draconian monks
  Aizul (Vaults:3)
  A Shadow Fiend (D:26)
  2 draconian knights (Zot:1)
  4 frost giants
  Donald (Orc:4)
  7 ghouls
  2 iron dragons (Zot:1)
  A draconian scorcher (Zot:3)
  Maud (Lair:4)
  44 stone giants
  A ghost moth (Zot:1)
  5 vault wardens
  3 draconian shifters
  3 orc warlords
  2 draconian zealots
  2 draconian annihilators (Zot:1)
  4 grey draconians
  2 green draconians (Zot:1)
  3 draconian callers
  11 greater nagas
  An emperor scorpion (shapeshifter) (Vaults:3)
  Jorgrun (D:21)
  3 deep elf annihilators (Elf:3)
  10 deep elf death magi
  4 yellow draconians
  7 red draconians
  4 pale draconians
  A dire elephant (Lair:8)
  4 black draconians
  4 mottled draconians
  3 purple draconians
  2 deep elf master archers (Elf:3)
  5 deep elf sorcerers
  4 reapers (D:26)
  2 mummy priests (Crypt:5)
  16 ettins
  36 vault guards
  A vampire knight (Crypt:5)
  An unborn deep dwarf (Crypt:5)
  7 dragons
  8 ironheart preservers
  44 yaktaur captains
  6 death cobs
  3 great orbs of eyes
  2 storm dragon skeletons
  Fannar (D:15)
  A hydra (shapeshifter) (Vaults:5)
  35 hydras
  10 ice dragons
  Erica (D:14)
  Harold (Lair:3)
  Josephine (Orc:4)
  17 ogre magi
  6 dancing weapons
  10 anacondas
  A shadow dragon zombie (D:26)
  Nessos (D:13)
  7 deep elf demonologists
  12 alligators
  8 deep troll earth magi
  2 wizards
  7 deep troll shamans
  13 stone giant zombies
  A wolf spider zombie (Crypt:1)
  3 sphinx zombies
  3 fire giant zombies
  4 deep trolls (shapeshifter)
  3 orc high priests
  A rakshasa (D:18)
  2 deep elf high priests (Elf:3)
  5 frost giant zombies
  4 sphinx skeletons
  Urug (D:10)
  A draconian (shapeshifter) (D:20)
  9 fire giant skeletons
  28 deep trolls
  4 shadow wraiths
  A deep dwarf death knight (Crypt:5)
  25 centaur warriors
  A catoblepas (Lair:8)
  7 frost giant skeletons
  30 stone giant skeletons
  The ghost of KiloByte the Hoplite, an experienced DECK of Xom (D:10)
  7 very ugly things
  20 hell knights
  An elf zombie (D:26)
  11 iron trolls
  3 soul eaters (D:26)
  A giant orange brain (shapeshifter) (Elf:3)
  21 deep elf knights
  2 giant orange brains
  98 skeletal warriors
  An ice devil (Elf:1)
  19 naga warriors
  A death drake (Zot:2)
  Erolcha (Orc:4)
  14 sea snakes (Snake:5)
  6 unseen horrors
  14 ironbrand convokers
  2 redback zombies
  13 hill giants
  2 iron troll zombies
  A flaming corpse (Crypt:5)
  9 flayed ghosts
  8 swamp dragons
  7 guardian serpents
  6 harpies
  A hellion (Elf:3)
  2 giant amoebae (Vaults:3)
  2 harpy zombies
  10 orc sorcerers
  Joseph (D:11)
  11 griffons
  2 wolf spiders (shapeshifter)
  16 necromancers
  3 spiny worms
  2 vampire magi
  A hydra zombie (D:15)
  7 iron troll skeletons
  25 orc knights
  8 wolf spiders
  11 vault sentinels
  2 harpies (shapeshifter)
  4 red wasp zombies
  8 phantasmal warriors
  A fire crab (Vaults:2)
  11 moths of wrath
  8 cyclopes
  5 harpy skeletons
  A sphinx simulacrum (Crypt:1)
  8 red wasps
  2 red wasps (shapeshifter)
  Maurice (D:13)
  A griffon zombie (D:11)
  An ettin zombie (Vaults:3)
  A cyclops (shapeshifter) (D:26)
  4 ice dragon zombies
  2 dragon zombies
  23 spiny frogs
  An elephant slug (D:13)
  An elf (shapeshifter) (D:18)
  A yaktaur (shapeshifter) (Vaults:2)
  11 ettin skeletons
  An elephant (D:13)
  5 stone giant simulacra
  107 slime creatures
  54 black mambas
  96 yaktaurs
  5 spiny worm zombies
  A hellwing (D:17)
  2 spiny frogs (shapeshifter)
  Psyche (Orc:2)
  A hill giant zombie (D:17)
  115 ugly things
  2 item mimics
  An efreet (D:18)
  8 guardian mummies
  3 komodo dragons
  13 naga magi
  A silent spectre (Crypt:1)
  Sonja (Orc:2)
  29 two-headed ogres
  3 iron devils
  Prince Ribbit (D:9)
  A blink frog (shapeshifter) (D:14)
  2 komodo dragons (shapeshifter)
  4 deep troll zombies
  8 giant leeches
  8 blink frogs
  2 deep dwarf scions (Crypt:5)
  10 bog bodies
  A raven (Swamp:3)
  6 deep troll skeletons
  2 grizzly bears (shapeshifter)
  2 human skeletons (D:15)
  14 trolls
  A giant firefly (shapeshifter) (Vaults:5)
  2 grizzly bears (Lair:8)
  A jumping spider (D:22)
  5 sharks
  4 rotting hulks (Crypt:5)
  13 baby alligators
  A basilisk (Lair:2)
  2 ettin simulacra
  2 tarantellas
  63 yaks
  A hog (shapeshifter) (D:14)
  8 wraiths
  9 vampires
  15 deep elf conjurers
  An octopode (shapeshifter) (D:15)
  3 fire crab zombies
  A jumping spider (shapeshifter) (D:17)
  12 necrophages
  52 vampire mosquitoes
  Eustachio (D:7)
  A yak (shapeshifter) (D:21)
  A hungry ghost (D:12)
  A merfolk (Swamp:3)
  2 trapdoor spiders
  A ynoxinul (Elf:2)
  2 rock worms
  A neqoxec (Elf:2)
  Grum (Orc:4)
  An elf skeleton (D:15)
  A merfolk (shapeshifter) (D:24)
  14 redbacks
  3 wyverns
  A rock worm (shapeshifter) (Vaults:1)
  26 deep elf fighters
  16 war dogs
  A yaktaur zombie (D:16)
  11 deep elf summoners
  A komodo dragon zombie (D:9)
  3 mottled dragons
  7 hippogriffs
  5 fire drakes
  5 boulder beetles
  A giant slug zombie (Vaults:1)
  3 soldier ants
  The ghost of Sebi the Sneak, an average DEAs (D:7)
  7 manticores
  A boulder beetle (shapeshifter) (D:24)
  4 small abominations (Crypt:5)
  43 swamp worms
  16 freezing wraiths
  A manticore zombie (D:11)
  A sky beast (shapeshifter) (Vaults:5)
  5 yaktaur skeletons
  A human (D:8)
  A red devil (D:17)
  A black bear (shapeshifter) (Vaults:5)
  A manticore skeleton (D:8)
  71 orc warriors
  2 deep dwarves (Crypt:5)
  A kobold demonologist (D:17)
  62 ogres
  6 sky beasts
  3 yak zombies (D:15)
  7 deep elf priests
  A deep dwarf (shapeshifter) (Vaults:3)
  A rock worm zombie (D:17)
  5 tengu (D:16)
  A black bear (Lair:8)
  3 phantoms
  13 swamp drakes
  28 giant goldfish
  A boulder beetle zombie (Vaults:2)
  The ghost of Sealer the Chopper, an average HuCK of Xom (D:3)
  2 yellow wasps
  6 ice beasts
  10 crocodiles
  3 boring beetles
  9 wargs
  43 centaurs
  95 nagas
  14 giant slugs
  35 water moccasins
  15 deep elf magi
  3 wolves
  A water moccasin (shapeshifter) (D:19)
  8 big kobolds
  A crocodile (shapeshifter) (D:23)
  A brain worm (D:18)
  14 giant frogs
  9 agate snails
  A boring beetle zombie (Crypt:5)
  27 insubstantial wisps
  A giant frog skeleton (D:4)
  A deep dwarf skeleton (Crypt:5)
  2 two-headed ogre zombies
  A centaur skeleton (D:11)
  A two-headed ogre skeleton (D:15)
  11 killer bees
  An eye of draining (shapeshifter) (D:16)
  20 wights
  9 electric eels
  3 eyes of draining
  3 goliath beetles
  8 jellyfish
  An ogre zombie (D:5)
  A big kobold skeleton (D:10)
  2 iron imps
  A mottled dragon zombie (D:15)
  8 big fish
  An ogre skeleton (D:5)
  14 crimson imps
  A mottled dragon skeleton (D:14)
  6 shadows
  27 orc priests
  A crocodile skeleton (D:8)
  12 iguanas
  11 hounds
  29 deep elf soldiers
  37 orc wizards
  6 scorpions
  10 worker ants
  18 sheep
  A big fish zombie (D:16)
  10 porcupines
  11 jellies
  3 mummies
  8 boggarts
  56 flying skulls (Crypt:5)
  32 green rats
  3 lemures
  5 human zombies (D:15)
  2 shadow imps
  An iguana zombie (D:9)
  A white imp (Elf:3)
  48 adders
  3 giant centipedes
  10 gnolls
  2 giant mites
  12 worms
  An adder skeleton (D:8)
  8 ufetubi
  A giant eyeball (D:4)
  The ghost of Sebi the Vexing, a weakling DEAM (D:5)
  9 giant geckos
  An ooze (D:1)
  230 orcs
  6 ball pythons
  5 giant cockroaches
  18 goblins
  16 hobgoblins
  6 jackals
  11 quokkas
  19 bats
  2 giant newts
  3 giant spores
  2 goblin skeletons (Orc:4)
  A hobgoblin skeleton (D:6)
  40 kobolds
  2 orc skeletons (Orc:4)
  11 orc zombies
  27 rats
  4 ballistomycetes
  A bush (D:4)
  2 butterflies (D:5)
  2 crawling corpses (Vaults:5)
  9 fungi
  8 plants
3391 creatures vanquished.

Vanquished Creatures (collateral kills)
  A spriggan druid (Lair:8)
  A grizzly bear (Lair:8)
2 creatures vanquished.

Vanquished Creatures (others)
  A stone giant (D:17)
  An alligator (Swamp:2)
  A fire giant zombie (Crypt:5)
  A deep elf knight (Vaults:1)
  An ironbrand convoker (Vaults:1)
  A slime creature (D:21)
  2 yaktaurs (Vaults:5)
  A hellwing (Elf:3)
  A hippogriff (Lair:8)
  A baby alligator (Swamp:5)
  A two-headed ogre (D:25)
  2 air elementals
  A swamp worm (Swamp:5)
  An ogre (D:25)
  A swamp drake (Swamp:5)
  A warg (D:26)
  An orc wizard (D:26)
  2 adders (Snake:5)
  A shadow imp (Elf:1)
  2 orcs (D:7)
  A rat (D:5)
  5 fungi
  43 pillars of salt
  9 plants
82 creatures vanquished.

Grand Total: 3475 creatures vanquished

Notes
Turn   | Place    | Note
--------------------------------------------------------------
     0 | D:1      | margry, the Spriggan Hunter, began the quest for the Orb.
     0 | D:1      | Reached XP level 1. HP: 11/11 MP: 1/1
    23 | D:1      | Reached skill level 5 in Bows
   245 | D:1      | Reached XP level 2. HP: 10/15 MP: 3/3
   766 | D:1      | Reached skill level 6 in Bows
   910 | D:1      | Reached XP level 3. HP: 18/18 MP: 5/5
  1265 | D:2      | Found a radiant altar of Vehumet.
  1569 | D:2      | Reached XP level 4. HP: 21/23 MP: 7/7
  1606 | D:2      | Reached skill level 7 in Bows
  1976 | D:2      | Reached skill level 1 in Fighting
  1980 | D:2      | Reached skill level 1 in Short Blades
  2207 | D:3      | Reached XP level 5. HP: 26/26 MP: 9/9
  2587 | D:3      | Noticed Sealer's ghost (average HuCK)
  2703 | D:3      | Killed Sealer's ghost
  2703 | D:3      | Reached XP level 6. HP: 31/31 MP: 11/11
  2780 | D:3      | Found a sparkling altar of Nemelex Xobeh.
  2899 | D:4      | Paralysed by a giant eyeball for 3 turns
  2906 | D:4      | Paralysed by a giant eyeball for 3 turns
  3136 | D:4      | Found a blossoming altar of Fedhas.
  3372 | D:4      | Reached skill level 8 in Bows
  3660 | D:4      | Found a deep blue altar of Sif Muna.
  3803 | D:4      | Reached XP level 7. HP: 20/35 MP: 15/15
  4131 | D:5      | Entered Level 5 of the Dungeon
  4175 | D:5      | Found a shattered altar of Ashenzari.
  4240 | D:5      | Found a white marble altar of Elyvilon.
  4575 | D:5      | Reached skill level 1 in Throwing
  5697 | D:5      | Found a staircase to the Ecumenical Temple.
  5740 | Temple   | Entered the Ecumenical Temple
  5788 | Temple   | Became a worshipper of Zin the Law-Giver
  5788 | Temple   | Acquired Zin's first power
  6393 | D:5      | Reached skill level 9 in Bows
  6393 | D:5      | Reached XP level 8. HP: 40/40 MP: 17/17
  6402 | D:5      | Noticed Sebi's ghost (weakling DEAM)
  6409 | D:5      | Killed Sebi's ghost
  6762 | D:6      | Acquired Zin's second power
  7042 | D:5      | Reached skill level 1 in Invocations
  7590 | D:6      | Found a shimmering altar of Xom.
  8405 | D:7      | Found Reuwk's Food Shop.
  8486 | D:7      | Reached skill level 10 in Bows
  9181 | D:7      | Acquired Zin's third power
  9221 | D:7      | Reached skill level 5 in Dodging
  9221 | D:7      | Reached XP level 9. HP: 38/44 MP: 20/20
  9634 | D:7      | Reached skill level 11 in Bows
  9755 | D:7      | Noticed Sebi's ghost (average DEAs)
  9769 | D:7      | Killed Sebi's ghost
 10013 | D:7      | Reached skill level 12 in Bows
 10113 | D:7      | Found a staircase to the Orcish Mines.
 10793 | D:8      | Got an ancient bow
 10794 | D:8      | Identified the cursed +0,-2 bow of the Lettuce {frost, rElec SInv} (You took it off a human on level 8 of the Dungeon)
 11386 | D:8      | Reached skill level 13 in Bows
 11386 | D:8      | Reached skill level 5 in Traps
 12057 | D:9      | Reached XP level 10. HP: 48/48 MP: 22/22
 12362 | D:9      | Noticed Prince Ribbit
 12375 | D:9      | Killed Prince Ribbit
 12838 | D:9      | Reached skill level 14 in Bows
 13087 | D:10     | Entered Level 10 of the Dungeon
 13128 | D:10     | Noticed a hill giant
 13148 | D:10     | Killed a hill giant
 13404 | D:10     | Reached skill level 15 in Bows
 13495 | D:10     | Noticed KiloByte's ghost (experienced DECK)
 13551 | D:10     | Killed KiloByte's ghost
 14287 | D:10     | Reached XP level 11. HP: 52/52 MP: 24/24
 14491 | D:10     | Noticed Urug
 15516 | D:11     | Noticed Joseph
 15571 | D:11     | Reached XP level 10. HP: 46/49 MP: 22/22
 15587 | D:11     | Killed Joseph
 15587 | D:11     | Reached skill level 16 in Bows
 15587 | D:11     | Reached skill level 5 in Stealth
 15758 | D:11     | Noticed a hill giant
 15924 | D:11     | Killed a hill giant
 15924 | D:11     | Reached XP level 11. HP: 53/53 MP: 24/24
 17000 | D:12     | Reached skill level 5 in Fighting
 17003 | D:12     | Reached skill level 5 in Invocations
 17085 | D:12     | Learned a level 2 spell: Repel Missiles
 17089 | D:12     | Learned a level 3 spell: Poison Weapon
 17092 | D:12     | Learned a level 2 spell: Shroud of Golubria
 17127 | D:12     | Got an iridescent long sword
 17128 | D:12     | Identified the cursed long sword of Voujoy {slice, rF-} (You found it on level 12 of the Dungeon)
 17137 | D:12     | Noticed a vault guard
 17256 | D:12     | Killed a vault guard
 17356 | D:12     | Found a portal to a secret trove of treasure.
 17585 | D:12     | Noticed a six-headed hydra
 17631 | D:12     | Killed a six-headed hydra
 17631 | D:12     | Reached skill level 5 in Charms
 17653 | D:12     | Upgraded the game from 0.12.1-15-g081f9d1 to 0.12.1-16-g33cc8c2
 17905 | D:10     | Learned a level 2 spell: Freezing Aura
 18196 | D:12     | Learned a level 3 spell: Flight
 18274 | D:12     | Acquired Zin's fourth power
 18274 | D:12     | Reached skill level 5 in Spellcasting
 18280 | D:12     | Reached skill level 1 in Translocations
 18552 | D:12     | Reached skill level 1 in Air Magic
 18951 | D:13     | Found a staircase to the Lair.
 19039 | D:13     | Noticed Maurice
 19068 | D:13     | Killed Maurice
 19281 | D:13     | Noticed an unseen horror
 19293 | D:13     | Killed an unseen horror
 19551 | D:13     | Noticed an unseen horror
 19561 | D:13     | Killed an unseen horror
 19561 | D:13     | Reached XP level 12. HP: 54/60 MP: 23/27
 19726 | D:13     | Noticed an unseen horror
 19742 | D:13     | Killed an unseen horror
 19887 | Lair:1   | Entered Level 1 of the Lair of Beasts
 20084 | Lair:1   | Reached skill level 1 in Poison Magic
 21187 | Lair:2   | Reached skill level 10 in Dodging
 21556 | Lair:2   | Reached skill level 17 in Bows
 22829 | Lair:3   | Found a staircase to the Snake Pit.
 23005 | Lair:3   | Noticed an eight-headed hydra
 23040 | Lair:3   | Killed an eight-headed hydra
 23312 | Lair:3   | Noticed Harold
 23359 | Lair:3   | Killed Harold
 24606 | Lair:4   | Noticed Maud
 24662 | Lair:4   | Killed Maud
 24662 | Lair:4   | Reached skill level 18 in Bows
 24711 | Lair:4   | Reached skill level 1 in Long Blades
 24711 | Lair:4   | Reached XP level 13. HP: 66/66 MP: 29/29
 25131 | Lair:4   | Noticed a seven-headed hydra
 25166 | Lair:4   | Killed a seven-headed hydra
 27811 | Lair:6   | Found a staircase to the Swamp.
 27847 | Lair:6   | Reached skill level 5 in Long Blades
 28437 | Lair:7   | Learned a level 6 spell: Haste
 28653 | Lair:7   | Noticed a seven-headed hydra
 28674 | Lair:7   | Killed a seven-headed hydra
 28887 | Lair:3   | Reached skill level 10 in Charms
 29550 | Lair:8   | Entered Level 8 of the Lair of Beasts
 29978 | Lair:8   | Noticed a four-headed hydra
 30294 | Lair:8   | Killed a four-headed hydra
 30348 | Lair:8   | Noticed a seven-headed hydra
 30376 | Lair:8   | Killed a seven-headed hydra
 30376 | Lair:8   | Reached skill level 19 in Bows
 30479 | Lair:8   | Found a staircase to the Slime Pits.
 30479 | Lair:8   | Noticed an azure jelly
 30479 | Lair:8   | Noticed an acid blob
 31696 | Lair:8   | Noticed a dire elephant
 31771 | Lair:8   | Killed a dire elephant
 32457 | D:13     | Noticed Nessos
 32849 | D:11     | Reached XP level 14. HP: 67/72 MP: 31/31
 33229 | D:13     | Killed Nessos
 33605 | D:14     | Entered Level 14 of the Dungeon
 34044 | D:14     | Noticed Erica
 34070 | D:14     | Killed Erica
 35305 | Orc:1    | Entered Level 1 of the Orcish Mines
 35308 | Orc:1    | Noticed Eustachio
 35327 | D:7      | Killed Eustachio
 35616 | Orc:3    | Found a radiant altar of Vehumet.
 35616 | Orc:3    | Found Eptak's General Store.
 35749 | Orc:4    | Entered Level 4 of the Orcish Mines
 35760 | Orc:4    | Noticed Josephine
 35779 | Orc:4    | Killed Josephine
 35797 | Orc:4    | Noticed Erolcha
 35809 | Orc:4    | Killed Erolcha
 35829 | Orc:4    | Found Xiotatee's Weapon Shop.
 35916 | Orc:4    | Noticed Grum
 35924 | Orc:4    | Killed Grum
 35979 | Orc:4    | Noticed a stone giant
 36004 | Orc:4    | Found Pleoz's Antique Armour Shoppe.
 36359 | Orc:4    | Found a staircase to the Elven Halls.
 36418 | Orc:4    | Found Gimirr's General Store.
 36574 | Orc:4    | Bought a scroll of enchant weapon II for 99 gold pieces
 36647 | Orc:4    | Killed a stone giant
 37031 | Orc:4    | Found Shyfayl's Jewellery Emporium.
 37210 | Orc:4    | Noticed Donald
 37251 | Orc:4    | Killed Donald
 37251 | Orc:4    | Reached skill level 10 in Invocations
 37401 | Orc:4    | Found Lailaomo's Antique Weapon Boutique.
 37401 | Orc:4    | Noticed an orc warlord
 37506 | Orc:4    | Killed an orc warlord
 38051 | Orc:2    | Noticed Psyche
 38052 | Orc:2    | Noticed Sonja
 38195 | Orc:2    | Killed Sonja
 38317 | Orc:2    | Killed Psyche
 38521 | Orc:2    | Reached XP level 15. HP: 77/77 MP: 32/34
 38728 | Orc:2    | Found a roughly hewn altar of Beogh.
 38968 | Orc:1    | Found Shaed's Magical Wand Shop.
 38968 | Orc:1    | Noticed Edmund
 39038 | Orc:3    | Bought a +1 wizard hat for 117 gold pieces
 39038 | Orc:3    | Bought 6 arrows for 16 gold pieces
 39038 | Orc:3    | Bought the amulet "Dyat Tuoth" {Ward Str+2 Dex+1 Int+4} for 719 gold pieces
 39147 | Orc:4    | Bought a scroll of blinking for 99 gold pieces
 39539 | D:10     | Killed Urug
 39915 | D:13     | Reached skill level 5 in Evocations
 40057 | D:15     | Entered Level 15 of the Dungeon
 40057 | D:15     | Noticed Fannar
 40454 | D:15     | Killed Fannar
 40534 | D:15     | Noticed Agnes
 40560 | D:15     | Killed Agnes
 40560 | D:15     | Reached skill level 20 in Bows
 40629 | D:15     | Got an ebony whip
 40630 | D:15     | Identified the whip of Invincibility {slash, rElec} (You found it on level 15 of the Dungeon)
 41525 | D:15     | Found an ancient bone altar of Kikubaaqudgha.
 42051 | D:16     | Reached skill level 21 in Bows
 43159 | D:16     | Found a staircase to the Vaults.
 43230 | D:16     | Reached XP level 16. HP: 66/82 MP: 35/35
 43699 | D:16     | Gained mutation: You are agile (Dex +1). [potion of gain dexterity]
 44525 | D:17     | Noticed Norris
 44584 | D:17     | Killed Norris
 45185 | D:17     | Reached skill level 15 in Invocations
 45535 | D:17     | Noticed magistern's ghost (mighty DgTm)
 45566 | D:17     | Reached skill level 10 in Fighting
 46106 | D:17     | Noticed a tentacled monstrosity
 46171 | D:17     | Killed a tentacled monstrosity
 46517 | D:17     | Killed magistern's ghost
 46517 | D:17     | Reached XP level 17. HP: 88/88 MP: 36/36
 46986 | Lair:2   | Learned a level 6 spell: Deflect Missiles
 46992 | Lair:2   | Learned a level 5 spell: Silence
 47019 | Snake:1  | Entered Level 1 of the Snake Pit
 47224 | Snake:1  | Learned a level 2 spell: Blink
 47226 | Snake:1  | Learned a level 1 spell: Apportation
 47411 | Snake:1  | Reached skill level 1 in Hexes
 47487 | Snake:1  | Found a deep blue altar of Sif Muna.
 48943 | Snake:3  | Reached skill level 5 in Translocations
 50203 | Snake:3  | Reached skill level 5 in Hexes
 50270 | Snake:3  | Reached skill level 5 in Air Magic
 50851 | Snake:4  | Found a shattered altar of Ashenzari.
 51013 | Snake:4  | Noticed Lamia
 51522 | Elf:1    | Entered Level 1 of the Elven Halls
 51815 | Elf:1    | Noticed Rupert
 51888 | Elf:1    | Killed Rupert
 53597 | Elf:2    | Reached XP level 18. HP: 81/93 MP: 37/37
 53882 | Elf:3    | Entered Level 3 of the Elven Halls
 54640 | Elf:3    | Noticed a Brimstone Fiend
 55132 | Elf:3    | Noticed a deep elf blademaster
 55305 | Elf:3    | Killed a deep elf blademaster
 56100 | Elf:3    | Noticed a deep elf blademaster
 56274 | Elf:3    | Killed a deep elf blademaster
 56293 | Elf:3    | Got a yellowed book
 56296 | Elf:3    | Identified the Papyrus of Lightness (You found it on level 3 of the Elven Halls)
 56302 | Elf:3    | Got a rare book
 56303 | Elf:3    | Identified the Handbook of Arcane Weapons and the Volcanoes (You found it on level 3 of the Elven Halls)
 56309 | Elf:3    | Got a glittering ivory ring
 56376 | Elf:3    | Identified the ring of Wuegru Mnuz {Ice rPois Dam+4 SInv} (You found it on level 3 of the Elven Halls)
 56598 | Elf:3    | Got a rare book
 56599 | Elf:3    | Identified the Grimoire of Conjuration and Hexes (You found it on level 3 of the Elven Halls)
 56611 | Elf:3    | Learned a level 3 spell: Abjuration
 56630 | Elf:3    | Got a droning book
 56631 | Elf:3    | Identified the Catalogue of Excruciating Flight (You found it on level 3 of the Elven Halls)
 58314 | Lair:2   | Upgraded the game from 0.12.1-16-g33cc8c2 to 0.12.1-39-g8e7df79
 58817 | D:18     | Reached skill level 10 in Air Magic
 59055 | D:18     | Found Crakias' Food Boutique.
 59965 | D:19     | Reached XP level 19. HP: 85/98 MP: 36/38
 60579 | D:19     | Reached skill level 15 in Charms
 61146 | D:19     | Noticed Nikola
 61259 | D:19     | Killed Nikola
 61600 | D:19     | Identified a scroll of acquirement
 61601 | D:19     | Got a crude buckler
 61605 | D:19     | Identified the -1 buckler of Restlessness {rElec MR} (You acquired it on level 19 of the Dungeon)
 61875 | D:20     | Entered Level 20 of the Dungeon
 61938 | D:20     | Found an ancient bone altar of Kikubaaqudgha.
 61973 | D:20     | Reached skill level 1 in Shields
 62717 | D:20     | Found a staircase to the Vaults.
 63340 | D:20     | Noticed a shadow dragon
 63433 | D:20     | Killed a shadow dragon
 64220 | D:20     | Got an iridescent short sword
 64333 | D:20     | Identified the short sword of the Thing {slice, Contam rF+} (You found it on level 20 of the Dungeon)
 64704 | D:21     | Noticed Xtahua
 64728 | D:21     | Killed Xtahua
 64746 | D:21     | Reached skill level 22 in Bows
 64899 | D:21     | Noticed Jorgrun
 64985 | D:21     | Killed Jorgrun
 65045 | D:21     | Found a gateway to Hell.
 65311 | D:21     | Found Shracsis' Magical Wand Emporium.
 65319 | D:21     | Bought a wand of teleportation (4) for 504 gold pieces
 66106 | Swamp:1  | Entered Level 1 of the Swamp
 66647 | Swamp:1  | Reached XP level 20. HP: 84/105 MP: 38/38
 69017 | Swamp:2  | Reached skill level 15 in Dodging
 70267 | Swamp:3  | Reached skill level 1 in Armour
 70805 | Swamp:3  | Reached skill level 10 in Evocations
 72619 | Swamp:5  | Entered Level 5 of the Swamp
 72920 | Swamp:5  | Reached skill level 5 in Short Blades
 72940 | Swamp:5  | Noticed Mennas
 74670 | Swamp:5  | Noticed the 27-headed Lernaean hydra
 74694 | Swamp:5  | Killed the 27-headed Lernaean hydra
 74694 | Swamp:5  | Reached XP level 21. HP: 109/111 MP: 35/39
 75056 | Swamp:5  | Got a decaying rune of Zot
 76412 | Snake:4  | Killed Lamia
 76557 | Snake:4  | Lost mutation: You are agile (Dex +1). [helix card]
 76833 | Snake:5  | Entered Level 5 of the Snake Pit
 77453 | Snake:5  | Noticed Margery
 77510 | Snake:5  | Killed Margery
 78686 | Snake:5  | Reached skill level 23 in Bows
 79052 | Snake:5  | Got a serpentine rune of Zot
 79705 | Vaults:1 | Entered Level 1 of the Vaults
 80650 | Vaults:1 | Reached XP level 22. HP: 99/119 MP: 40/40
 80972 | Vaults:1 | Found Oruannog's Antique Weapon Shop.
 83189 | Vaults:2 | Noticed Frederick
 83226 | Vaults:2 | Killed Frederick
 84891 | Vaults:3 | Noticed Mara
 84993 | Vaults:3 | Killed Mara
 85063 | Vaults:3 | Reached XP level 23. HP: 105/125 MP: 41/41
 86021 | Vaults:3 | Found Laajek's General Store.
 86088 | Vaults:3 | Bought a scroll of identify for 24 gold pieces
 86088 | Vaults:3 | Bought a scroll of identify for 24 gold pieces
 86300 | Vaults:3 | Found a staircase to the Crypt.
 86781 | Vaults:3 | Noticed Aizul
 86798 | Vaults:3 | Killed Aizul
 87369 | Vaults:4 | Found Loleurph's Antique Armour Emporium.
 87949 | Vaults:4 | Found a staircase to the Hall of Blades.
 88644 | Vaults:4 | Reached skill level 15 in Fighting
 89038 | Vaults:4 | Reached skill level 1 in Summonings
 89480 | Crypt:1  | Entered Level 1 of the Crypt
 89570 | Crypt:1  | Reached XP level 24. HP: 116/131 MP: 42/42
 89602 | Crypt:1  | Reached XP level 23. HP: 92/126 MP: 41/42
 90030 | Crypt:1  | Reached XP level 24. HP: 131/131 MP: 42/42
 90355 | Crypt:2  | Reached skill level 24 in Bows
 90374 | Crypt:2  | Reached skill level 10 in Spellcasting
 91167 | Crypt:2  | Found a staircase to the Tomb.
 91821 | Crypt:1  | Noticed Saint Roka
 91883 | Crypt:1  | Killed Saint Roka
 92529 | Vaults:5 | Entered Level 5 of the Vaults
 92627 | Vaults:5 | Reached skill level 25 in Bows
 93623 | Vaults:5 | Got a silver rune of Zot
 94260 | Vaults:5 | Reached XP level 25. HP: 130/138 MP: 43/43
 94782 | Vaults:5 | Found Gik Edid's Magic Scroll Boutique.
 94782 | Vaults:5 | Found Trem Refosel's Distillery.
 94824 | Vaults:5 | Bought a scroll of fog for 30 gold pieces
 94824 | Vaults:5 | Bought a scroll of identify for 30 gold pieces
 94832 | Vaults:5 | Got a shimmering hammer
 94833 | Vaults:5 | Identified the cursed hammer of Lame {slay orc, Noisy +Blink Stlth++} (You found it on level 5 of the Vaults)
 94913 | Vaults:5 | Found Ohairimi's Magic Scroll Shop.
 94925 | Vaults:5 | Bought a scroll of enchant armour for 82 gold pieces
 94974 | Vaults:5 | Found Giaduigu's Distillery.
 94974 | Vaults:5 | Found Bostez's Food Emporium.
 95057 | Vaults:5 | Found Toiwifapn's Food Shoppe.
 95062 | Vaults:5 | Bought a potion of might for 60 gold pieces
 95093 | Vaults:5 | Found Shraple's Distillery.
 95093 | Vaults:5 | Found Stabbaef's Distillery.
 95099 | Vaults:5 | Bought a potion of slowing for 22 gold pieces
 95551 | Vaults:5 | Got a warped platinum amulet
 95553 | Vaults:5 | Identified the amulet "Vaoqosm" {Spirit rN+ Str+2 Curse} (You found it on level 5 of the Vaults)
 95560 | Vaults:5 | Got a steaming lead ring
 95561 | Vaults:5 | Identified the ring "Xisung" {rF+ Str+3 Dex-2} (You found it on level 5 of the Vaults)
 96038 | Vaults:5 | Got a fine lead ring
 96114 | Vaults:5 | Got an inconspicuous book
 96115 | Vaults:5 | Identified the Collected Works on Hexes (You found it on level 5 of the Vaults)
 96265 | Vaults:5 | Reached skill level 26 in Bows
 96356 | Vaults:4 | Identified the ring of the Magpie {MR Int+5} (You took it off a vault guard on level 5 of the Vaults)
 98987 | Crypt:5  | Entered Level 5 of the Crypt
 99405 | Crypt:5  | Reached XP level 26. HP: 119/146 MP: 43/43
 99490 | Crypt:5  | Found a basalt altar of Yredelemnul.
 99629 | Crypt:5  | Reached skill level 27 in Bows
100074 | Crypt:5  | Noticed a profane servitor
100143 | Crypt:5  | Killed a profane servitor
100618 | Crypt:5  | Noticed an ancient lich
100646 | Crypt:5  | Killed an ancient lich
101283 | Crypt:5  | Noticed a greater mummy
101330 | Crypt:5  | Killed a greater mummy
101653 | Crypt:5  | Got a shimmering jade ring
102215 | Crypt:5  | Got a graven book
102216 | Crypt:5  | Identified the Disquisition on Confrontation and Flames (You found it on level 5 of the Crypt)
102229 | Crypt:5  | Learned a level 6 spell: Poisonous Cloud
102636 | Vaults:3 | Identified the ring "Quiv" {Contam +Fly rN+ SInv} (You took it off a skeletal warrior on level 5 of the Crypt)
102938 | D:22     | Noticed Boris
103201 | D:22     | Killed Boris
103338 | D:22     | Reached skill level 5 in Poison Magic
104608 | D:23     | Reached skill level 1 in Conjurations
105708 | D:24     | Reached XP level 27. HP: 115/152 MP: 39/44
106001 | D:23     | Reached XP level 26. HP: 129/147 MP: 27/44
106006 | D:23     | Reached XP level 27. HP: 107/152 MP: 28/44
106342 | D:24     | Reached skill level 5 in Conjurations
106627 | D:24     | Found a one-way gate leading to the halls of Pandemonium.
106792 | D:24     | Found a one-way gate to the infinite horrors of the Abyss.
107070 | D:18     | Bought a bread ration for 40 gold pieces
107070 | D:18     | Bought a bread ration for 40 gold pieces
107070 | D:18     | Bought a bread ration for 40 gold pieces
107070 | D:18     | Bought a bread ration for 40 gold pieces
107070 | D:18     | Bought a choko for 4 gold pieces
107070 | D:18     | Bought a choko for 4 gold pieces
107070 | D:18     | Bought a choko for 4 gold pieces
107070 | D:18     | Bought a choko for 4 gold pieces
107081 | D:18     | Bought a banana for 12 gold pieces
107246 | D:25     | Entered Level 25 of the Dungeon
107704 | D:25     | Found Wuteiw's Weapon Shop.
109560 | D:26     | Found an ancient bone altar of Kikubaaqudgha.
109560 | D:26     | Noticed an ancient lich
109590 | D:26     | Killed an ancient lich
111244 | D:27     | Entered Level 27 of the Dungeon
111491 | D:27     | Got a pair of dazzling boots
111492 | D:27     | Identified the +3 pair of boots "Clythrixi" {Str+2 Stlth--} (You found it on level 27 of the Dungeon)
111563 | D:27     | Reached skill level 15 in Air Magic
111946 | D:27     | Gained mutation: Your mind is acute (Int +1). [potion of gain intelligence]
112630 | D:27     | Reached skill level 10 in Traps
112993 | Zot:1    | Entered Level 1 of the Realm of Zot
114068 | Zot:1    | Noticed a Killer Klown
114169 | Zot:1    | Noticed a Killer Klown
114184 | Zot:1    | Killed a Killer Klown
114199 | Zot:1    | Killed a Killer Klown
114199 | Zot:1    | Reached skill level 10 in Stealth
114234 | Zot:1    | Noticed a curse toe
114256 | Zot:1    | Reached skill level 10 in Poison Magic
114313 | Zot:1    | Killed a curse toe
117115 | Zot:3    | Noticed an orb of fire
117205 | Zot:3    | Killed an orb of fire
117248 | Zot:3    | Noticed Tiamat
117686 | Zot:3    | Hit by a stone thrown by a purple draconian

Action                   |  1- 3 |  4- 6 |  7- 9 | 10-12 | 13-15 | 16-18 | 19-21 | 22-24 | 25-27 || total
-------------------------+-------+-------+-------+-------+-------+-------+-------+-------+-------++-------
Melee: Short sword       |   105 |   182 |   101 |       |       |       |       |       |       ||   388
       Spear             |       |    10 |       |       |       |       |       |       |       ||    10
       Dagger            |       |       |    93 |   117 |    19 |       |   346 |       |    29 ||   604
       Long sword        |       |       |     2 |       |       |       |       |       |       ||     2
       Scimitar          |       |       |       |       |   479 |    25 |   214 |       |       ||   718
       Sabre             |       |       |       |       |    13 |       |       |       |       ||    13
       Bow               |       |       |       |       |     5 |       |       |       |     2 ||     7
       Unarmed           |       |       |       |       |       |       |       |       |     1 ||     1
 Fire: Bow               |    56 |   116 |   561 |  1474 |  2102 |  2173 |  2627 |  2817 |  4069 || 15995
       Blowgun           |       |       |       |    15 |     2 |       |     1 |       |       ||    18
Throw: Spear             |       |     1 |       |       |       |       |       |       |       ||     1
       Dart              |       |       |     6 |       |       |     1 |       |       |       ||     7
       Dagger            |       |       |       |     1 |       |       |       |       |       ||     1
 Cast: Poison Weapon     |       |       |       |    20 |    58 |    16 |    12 |    41 |     5 ||   152
       Repel Missiles    |       |       |       |     3 |    28 |    47 |    11 |     5 |     2 ||    96
       Freezing Aura     |       |       |       |     1 |       |       |     1 |       |       ||     2
       Shroud of Golubri |       |       |       |       |     2 |     1 |     4 |       |     4 ||    11
       Haste             |       |       |       |       |    15 |    19 |    27 |    22 |    46 ||   129
       Flight            |       |       |       |       |     3 |     9 |    53 |       |       ||    65
       Silence           |       |       |       |       |       |    11 |     9 |     4 |    13 ||    37
       Deflect Missiles  |       |       |       |       |       |     5 |    21 |    38 |    83 ||   147
       Blink             |       |       |       |       |       |       |     8 |       |     1 ||     9
       Apportation       |       |       |       |       |       |       |     1 |       |    16 ||    17
       Abjuration        |       |       |       |       |       |       |       |     2 |     4 ||     6
       Poisonous Cloud   |       |       |       |       |       |       |       |       |    53 ||    53
Invok: Vitalisation      |       |       |     1 |     1 |     3 |       |     9 |    28 |    41 ||    83
       Recite            |       |       |       |       |    11 |     7 |     4 |    14 |    16 ||    52
       Imprison          |       |       |       |       |     1 |       |       |       |       ||     1
Evoke: Wand              |       |     4 |    15 |    17 |    25 |    10 |    20 |       |    19 ||   110
       Deck              |       |       |       |       |       |       |    13 |     4 |       ||    17
       Miscellaneous     |       |       |       |       |       |       |       |       |     4 ||     4
  Use: Scroll            |       |     7 |    16 |    18 |    13 |    10 |    12 |     4 |    21 ||   101
       Potion            |       |     2 |     8 |     5 |     3 |     6 |     2 |     2 |     9 ||    37
 Stab: Sleeping          |     4 |     1 |     2 |       |    16 |       |     3 |       |       ||    26
       Distracted        |       |       |       |       |       |       |     1 |       |       ||     1
